 Dungeon Crawl Stone Soup version 0.21-a0-142-gdd972a7 (webtiles) character file.

3234 TeKu the Cruncher (level 9, -1/68 HPs)
             Began as a Mummy Gladiator on July 23, 2017.
             Was an Initiate of Gozag.
             Slain by a two-headed ogre
             ... wielding a cursed -3 giant club
              (2 damage)
             ... on level 8 of the Dungeon.
             The game lasted 00:09:04 (8431 turns).

TeKu the Cruncher (Mummy Gladiator)                 Turns: 8431, Time: 00:09:06

Health: -1/68      AC: 13    Str: 17    XL:     9   Next: 66%
Magic:  9/9        EV:  9    Int:  8    God:    Gozag
Gold:   738        SH:  0    Dex: 16    Spells: 8/8 levels left

rFire    . . .     SeeInvis .   a - +0 quarterstaff
rCold    + + .     Gourm    .   (shield currently unavailable)
rNeg     + + +     Faith    .   B - +1 chain mail {rF+}
rPois    ∞         Spirit   .   c - +0 helmet
rElec    .         Reflect  .   (no cloak)
rCorr    .         Harm     .   (no gloves)
MR       +....     Rnd*Tele +   l - +0 pair of boots
Stlth    ..........             (no amulet)
HPRegen  0.21/turn              z - ring of protection from cold
MPRegen  0.11/turn              E - ring of teleportation (curse)

@: no status effects
A: no food or potions, fire vulnerability, cold resistance 1, negative energy
resistance 3, torment resistance, unbreathing
a: Potion Petition, Call Merchant, Bribe Branch, Renounce Religion


You were on level 8 of the Dungeon.
You worshipped Gozag.
Gozag was pleased with you.
You were not hungry.

You visited 2 branches of the dungeon, and saw 9 of its levels.

You collected 824 gold pieces.
You paid 86 gold pieces to Gozag.

Inventory:

Hand Weapons
 a - a +0 quarterstaff (weapon)
 x - a +0 shortbow
Missiles
 h - 32 poisoned needles
 p - 7 curare-tipped needles
 u - 4 needles of paralysis
 y - 70 arrows
Armour
 b - a +0 leather armour
 c - a +0 helmet (worn)
 f - a +0 ring mail
 i - a +0 buckler
 l - a +0 pair of boots (worn)
 r - a +0 scale mail
 B - a +1 chain mail of fire resistance (worn)
Jewellery
 z - a ring of protection from cold (left hand)
 E - a cursed ring of teleportation (right hand)
 F - an uncursed amulet of guardian spirit {unknown}
Wands
 d - a wand of digging (15/24)
 t - a wand of acid (5/15)
 D - a wand of disintegration (12/24)
Scrolls
 e - 4 scrolls of remove curse {unknown}
 g - 2 scrolls of fog {unknown}
 j - 3 scrolls of blinking {unknown}
 k - 2 scrolls of fear {unknown}
 m - a scroll of magic mapping {unknown}
 n - 3 scrolls of enchant armour {unknown}
 o - 3 scrolls of enchant weapon {unknown}
 q - 3 scrolls of identify {unknown}
 s - a scroll of amnesia {unknown}
 v - a scroll of recharging {unknown}
 w - a scroll of teleportation {unknown}
 C - a scroll of noise {unknown}
Books
 A - a book of Cantrips

   Spells                             Type                      Level
   a - Confusing Touch                Hexes                        1
   b - Animate Skeleton               Necromancy                   1
   c - Summon Small Mammal            Summoning                    1
   d - Apportation                    Translocation                1


   Skills:
 + Level 5.4 Fighting
 + Level 9.1 Staves
 - Level 1.5 Throwing
 + Level 5.3 Armour
 + Level 3.5 Dodging


You had 8 spell levels left.
You didn't know any spells.

Dungeon Overview and Level Annotations

Branches:
Dungeon (8/15)             Temple (1/1) D:6
   Lair: D:8-11

Altars:
Ashenzari
Cheibriados
Dithmenos
Fedhas
Gozag
Hepliaklqana
Kikubaaqudgha
Makhleb
Nemelex Xobeh
Okawaru
Qazlal
Ru
Sif Muna
Trog
Uskayaw
Wu Jian
Xom
Yredelemnul
Zin
The Shining One


Innate Abilities, Weirdness & Mutations

You do not eat or drink.
Your flesh is vulnerable to fire.
You are immune to poison.
Your flesh is cold resistant. (rC+)
You are immune to negative energy. (rN+++)
You are immune to unholy pain and torment.
You can survive without breathing.


Message History

You hit the two-headed ogre.
The two-headed ogre is severely wounded.
The two-headed ogre closely misses you.
The two-headed ogre hits you with a dire flail of holy wrath.
You convulse.
* * * LOW HITPOINT WARNING * * *
You sock the two-headed ogre!
The two-headed ogre is almost dead.
You hit the two-headed ogre.
The two-headed ogre is almost dead.
The two-headed ogre closely misses you. The two-headed ogre barely misses you.
You hit the two-headed ogre.
The two-headed ogre is almost dead.
The two-headed ogre hits you with a giant club!
* * * LOW HITPOINT WARNING * * *
The two-headed ogre hits you with a dire flail of holy wrath!
* * * LOW HITPOINT WARNING * * *
You convulse.
You die...
Your body crumbles into a pile of gold.

# # #### # #..# #
########..############
....................##
#.##########..#..#.####..#
#..........#..#..#.#####.#
........O@................
######.###.#.......#......
... #.#.###.###.##.#.
..... #.#..........#.#.
....... #.#####...#..#.#.
....... ..........#..#.#.
......# #............#.#.
###### ###########.##.#.
#.##.#.


You could see a two-headed ogre.

Vanquished Creatures
  Pikel (D:7)
  A wyvern (Temple)
  2 yaks (D:7)
  2 hogs (D:7)
  A human (D:7)
  The ghost of Banto the Poker, an amateur DsGl (D:3)
  2 ice beasts (D:7)
  An orc warrior (D:7)
  A sky beast (D:6)
  2 centaurs
  3 ogres
  A bullfrog (D:6)
  4 scorpions
  3 crimson imps (D:5)
  A centaur zombie (D:6)
  A quasit (D:6)
  2 hounds
  A jelly (D:6)
  An orc wizard (D:5)
  2 orc priests
  5 iguanas
  3 worker ants
  A hound skeleton (D:4)
  7 gnolls
  5 adders
  An ooze (D:4)
  An adder skeleton (D:5)
  3 worms
  3 dart slugs
  5 leopard geckos
  10 orcs
  6 bats
  7 giant cockroaches
  4 goblins
  5 hobgoblins
  4 jackals
  A quokka (D:7)
  3 frilled lizards
  2 jackal skeletons
  A jackal zombie (D:5)
  7 kobolds
  2 leopard gecko skeletons
  6 rats
125 creatures vanquished.

Vanquished Creatures (others)
  An ice beast (D:7)
  2 bullfrogs (D:7)
  A centaur zombie (D:7)
  An orc priest (D:7)
  A shadow imp (D:7)
  3 orcs (D:7)
9 creatures vanquished.

Grand Total: 134 creatures vanquished

Notes
Turn   | Place    | Note
-------+----------+-------------------------------------------
     0 | D:1      | TeKu the Mummy Gladiator began the quest for the Orb.
     0 | D:1      | Reached XP level 1. HP: 16/16 MP: 1/1
    72 | D:1      | Reached XP level 2. HP: 20/22 MP: 2/2
   104 | D:1      | Reached skill level 3 in Staves
   839 | D:2      | Reached XP level 3. HP: 16/27 MP: 3/3
  1319 | D:3      | Noticed Banto's ghost (amateur DsGl)
  1531 | D:2      | Reached skill level 4 in Staves
  2068 | D:3      | Reached XP level 4. HP: 33/33 MP: 4/4
  2147 | D:3      | Killed Banto's ghost
  2147 | D:3      | Reached skill level 5 in Staves
  2147 | D:3      | Reached XP level 5. HP: 15/38 MP: 5/5
  2362 | D:3      | Found a bloodstained altar of Trog.
  2417 | D:3      | Found a stormy altar of Qazlal.
  2598 | D:4      | Found a glowing silver altar of Zin.
  2815 | D:4      | Reached XP level 6. HP: 36/44 MP: 6/6
  2829 | D:4      | HP: 2/44 [gnoll/halberd (7)]
  3208 | D:4      | Reached skill level 6 in Staves
  3415 | D:4      | Found an iron altar of Okawaru.
  3635 | D:5      | Entered Level 5 of the Dungeon
  3660 | D:5      | Reached skill level 1 in Armour
  3796 | D:5      | Reached XP level 7. HP: 50/50 MP: 7/7
  4856 | D:6      | Found a staircase to the Ecumenical Temple.
  4856 | D:6      | Noticed a wyvern
  4862 | Temple   | Entered the Ecumenical Temple
  4876 | Temple   | Killed a wyvern
  4876 | Temple   | Reached skill level 7 in Staves
  5239 | Temple   | Became a worshipper of Gozag Ym Sagoz the Greedy
  5335 | D:6      | Reached XP level 8. HP: 48/58 MP: 8/8
  6530 | D:7      | Noticed Pikel
  6558 | D:7      | Killed Pikel
  6558 | D:7      | Reached skill level 8 in Staves
  6565 | D:7      | Reached XP level 9. HP: 32/65 MP: 9/9
  7378 | D:7      | Reached skill level 5 in Armour
  7382 | D:7      | Reached skill level 5 in Fighting
  7389 | D:7      | Reached skill level 9 in Staves
  8418 | D:8      | Noticed a two-headed ogre
  8431 | D:8      | HP: 1/68 [two-headed ogre/giant club (7)]
  8431 | D:8      | Slain by a two-headed ogre

Vault maps used:
D:1:      scummos_arrival_checkerplants
D:3:      bloody_trog, grunt_qazlal_clouds
D:4:      old_standard_altar, okawaru_trees_1
D:5:      first_bread
D:6:      minmay_temple_entry_nine_rooms
D:7:      grunt_livestock, uniq_pikel
D:8:      lemuel_coloured_pillars_altar, kennysheep_little_box,
          minmay_crossroads
Temple:   regret_index_temple_sphere_string

Skill      XL: |  1  2  3  4  5  6  7  8  9 |
---------------+----------------------------+-----
Staves         | 3 4 5 6 7 8 9 |  9.1
Armour         | 1 2 4 5 |  5.3
Fighting       | 3 4 5 |  5.4
Dodging        | 3 |  3.5
Throwing       | |  1.5

Action                   |  1- 3 |  4- 6 |  7- 9 || total
-------------------------+-------+-------+-------++-------
Melee: Quarterstaff      |   130 |   152 |   364 ||   646
Throw: Throwing net      |       |     1 |     4 ||     5
Invok: Potion Petition   |       |       |     1 ||     1
Evoke: Wand              |       |       |     2 ||     2
 Stab: Held in net/web   |       |       |     2 ||     2
Armor: Leather armour    |     1 |       |       ||     1
       Ring mail         |    65 |    12 |       ||    77
       Scale mail        |       |    44 |    50 ||    94
       Chain mail        |       |       |   112 ||   112
Dodge: Dodged            |   103 |    77 |   140 ||   320
